 Dungeon Crawl Stone Soup version 0.29.1-15-g9cfb28693d (webtiles) character file.

Game seed: 13164532871448820610

228 BuddhaDhamma the Chopper (level 5, -2/45 HPs)
             Began as a Minotaur Berserker on Mar 21, 2023.
             Was a Believer of Trog.
             Killed from afar by an orc wizard (8 damage)
             ... with a magic dart
             ... on level 3 of the Dungeon.
             The game lasted 00:04:10 (1908 turns).

BuddhaDhamma the Chopper (Minotaur Berserker)       Turns: 1908, Time: 00:04:11

Health: -2/45      AC:  9    Str: 23    XL:     5   Next: 70%
Magic:  4/4        EV: 11    Int:  4    God:    Trog [**....]
Gold:   119        SH:  0    Dex: 10    Spells: 4/4 levels left

rFire   . . .      SeeInvis .   a - +0 hand axe
rCold   . . .      Faith    .   (no shield)
rNeg    . . .      Spirit   .   k - +3 ring mail
rPois   .          Reflect  .   (helmet restricted)
rElec   .          Harm     .   (no cloak)
rCorr   .          Rampage  .   e - +0 pair of gloves
Will    .....                   (no boots)
Stlth   ..........              (no amulet)
HPRegen 0.15/turn               (no ring)
MPRegen 0.09/turn               (no ring)

@: on berserk cooldown, slowed, very slow
A: horns 2, retaliatory headbutt
a: Renounce Religion, Berserk, Trog's Hand


You were on level 3 of the Dungeon.
You worshipped Trog.
Trog was pleased with you.
You visited 1 branch of the dungeon, and saw 3 of its levels.

You collected 119 gold pieces.

Inventory:

Hand Weapons
 a - a +0 hand axe (weapon)
Missiles
 h - 2 poisoned darts (quivered)
Armour
 e - a +0 pair of gloves (worn)
 k - a +3 ring mail (worn)
Scrolls
 d - a scroll of silence {unknown}
 g - a scroll of teleportation {unknown}
 i - 5 scrolls of identify {unknown}
 j - a scroll of enchant armour {unknown}
 m - a scroll of immolation {unknown}
 n - a scroll of vulnerability {unknown}
Potions
 b - 2 potions of cancellation {unknown}
 c - a potion of curing {unknown}
 f - a potion of resistance {unknown}
 l - a potion of heal wounds {unknown}
 o - a potion of ambrosia {unknown}
 p - 2 potions of attraction {unknown}
 q - a potion of berserk rage


   Skills:
 - Level 3.6 Fighting
 + Level 7.8 Axes
 - Level 2.4 Armour
 - Level 2.1 Dodging


You had 4 spell levels left.
You didn't know any spells.
Your spell library was empty.

Dungeon Overview and Level Annotations

Branches:
Dungeon (3/15)

Altars:
Gozag
Hepliaklqana
Okawaru
Zin


Innate Abilities, Weirdness & Mutations

You have a pair of horns on your head.
You reflexively headbutt those who attack you in melee.


Message History

The kobold is heavily wounded.
You closely miss something.
You feel sick.
You hear some strange, mumbled words.
A magic dart appears from out of thin air!
The magic dart hits you but does no damage.
The kobold hits you but does no damage. The kobold barely misses you.
Something hits you but does no damage.
You closely miss the kobold.
The kobold is heavily wounded.
You miss something.
You hear the brisk rusting of a drain nearby.
You feel sick. Something hits you but does no damage.
The kobold hits you but does no damage.
You hit the kobold but do no damage. You headbutt the kobold.
You kill the kobold!
Trog accepts your kill.
You closely miss something.
You feel sick. Something hits you but does no damage.
You feel sick.
You are no longer poisoned.
You hear some strange, mumbled words.
You are confused.
Something completely misses you.
Things that are here:
a +0 club; 7 poisoned darts; a kobold corpse You slash something!
Your headbutt misses something. Something hits you but does no damage.
You closely miss something. Something hits you.
* * * LOW HITPOINT WARNING * * *
Something hits you.
* * * LOW HITPOINT WARNING * * *
Something hits you but does no damage.
You bump into the crystal wall.
You feel less confused.
Something hits you but does no damage. x2
You closely miss something.
You hear some strange, mumbled words.
A magic dart appears from out of thin air!
The magic dart hits you!
You die...

#. #. .... #.# ...#
##.## ....# #######
######...# ....
......# .........# ...
......#
........#####.#
......#
.......@{.#...#
..^...########)...)).#
................)).###
......########.#####
####.......# #.#
...#...###.# #.#
##.#......># #.#
⌠#.#.#..##.###.#
.#.#.#...#<..#.#


There were no monsters in sight!

Vanquished Creatures
  2 orc priests (D:3)
  Natasha (thrice) (D:2)
  2 adders
  A worm (D:3)
  4 dart slugs (D:1)
  7 orcs (D:3)
  8 bats
  An endoplasm (D:3)
  A giant cockroach (D:1)
  3 goblins
  3 hobgoblins
  2 jackals (D:3)
  11 kobolds
  2 quokkas
  3 ball pythons
  4 frilled lizards
  8 rats
65 creatures vanquished.

Notes
Turn   | Place    | Note
-------+----------+-------------------------------------------
     0 | D:1      | BuddhaDhamma the Minotaur Berserker began the quest for the
                  | Orb.
     0 | D:1      | Reached XP level 1. HP: 19/19 MP: 0/0
    32 | D:1      | Reached skill level 4 in Axes
    35 | D:1      | Reached XP level 2. HP: 24/26 MP: 1/1
   332 | D:1      | Reached skill level 5 in Axes
   479 | D:1      | Reached XP level 3. HP: 23/31 MP: 2/2
   791 | D:2      | Reached ** piety under Trog
   900 | D:2      | Found a faded altar of an unknown god.
   957 | D:2      | Noticed Natasha
   965 | D:2      | Killed Natasha
   966 | D:2      | Reached skill level 6 in Axes
   966 | D:2      | Reached XP level 4. HP: 39/39 MP: 3/3
  1017 | D:2      | Noticed Natasha
  1030 | D:2      | Killed Natasha
  1121 | D:2      | Noticed Natasha
  1128 | D:2      | Killed Natasha
  1448 | D:3      | Reached skill level 7 in Axes
  1448 | D:3      | Reached XP level 5. HP: 45/45 MP: 4/4
  1770 | D:3      | Found an iron altar of Okawaru.
  1772 | D:3      | Found a hazy altar of Hepliaklqana.
  1773 | D:3      | Found a glowing silver altar of Zin.
  1774 | D:3      | Found an opulent altar of Gozag.
  1908 | D:3      | Killed from afar by an orc wizard

Illustrated notes

Levels and vault maps discovered:
D:1:      matt_arrival_los_fun, layout_rooms, feat_on_display
D:2:      layout_basic, ebering_ecumenical_altar_ruins, uniq_natasha
D:3:      minmay_door_path, layout_basic, nicolae_overflow_crystal_walls,
          mainiacjoe_overflow_alcove_3, gup_sewer_entry_bubbles

Skill      XL: |  1  2  3  4 |
---------------+-------------+-----
Axes           | 4 5 6 7 |  7.8
Fighting       | |  3.6
Armour         | |  2.4
Dodging        | |  2.1

Action                   |  1- 3 |  4- 6 || total
-------------------------+-------+-------++-------
Melee: Hand axe          |    67 |    77 ||   144
       Headbutt          |     7 |    10 ||    17
       Punch             |       |     1 ||     1
Throw: Dart              |     9 |     7 ||    16
Invok: Berserk           |     1 |     1 ||     2
Armor: Animal skin       |     5 |       ||     5
       Chain mail        |    37 |       ||    37
       Ring mail         |     2 |    32 ||    34
Dodge: Dodged            |    35 |    39 ||    74
